 Dungeon Crawl Stone Soup version 0.21-a0-70-g32e1473 (webtiles) character file.

63 Deathtrap2010 the Magician (level 3, 0/25 HPs)
             Began as a Demonspawn Wanderer on June 18, 2017.
             Was an Initiate of Nemelex Xobeh.
             Slain by a worm (2 damage)
             ... on level 2 of the Dungeon.
             The game lasted 00:16:22 (2106 turns).

Deathtrap2010 the Magician (Demonspawn Wanderer)    Turns: 2106, Time: 00:16:23

Health: 0/25       AC:  6    Str: 11    XL:     3   Next: 89%
Magic:  0/7        EV: 11    Int: 14    God:    Nemelex Xobeh [......]
Gold:   86         SH:  0    Dex: 13    Spells: 1/7 levels left

rFire    . . .     SeeInvis .   (no weapon)
rCold    . . .     Gourm    .   (no shield)
rNeg     + . .     Faith    .   o - +0 leather armour
rPois    .         Spirit   +   (no helmet)
rElec    .         Reflect  .   (no cloak)
rCorr    +         Harm     .   (no gloves)
MR       .....                  i - +2 pair of boots
Stlth    +.........             e - amulet of guardian spirit
HPRegen  0.08/turn              a - ring of positive energy
MPRegen  0.10/turn              n - ring of resist corrosion

@: no status effects
A: powered by death 1, powered by pain 1
a: Renounce Religion


You were on level 2 of the Dungeon.
You worshipped Nemelex Xobeh.
Nemelex Xobeh was noncommittal.
You were not hungry.

You visited 1 branch of the dungeon, and saw 3 of its levels.

You collected 86 gold pieces.

Inventory:

Armour
 i - a +2 pair of boots (worn)
 o - a +0 leather armour (worn)
Jewellery
 a - a ring of positive energy (left hand)
 e - an amulet of guardian spirit (around neck)
 n - a ring of resist corrosion (right hand)
Scrolls
 h - a scroll of teleportation
 k - a scroll of recharging
Potions
 g - a potion of flight
Books
 c - Tausamicw's Guide on Evil Magic

   Spells                             Type                      Level
   a - Corpse Rot                     Necromancy                   2
   b - Sublimation of Blood           Necromancy                   2
 d - Sif Muna's Incunabulum of Fire

   Spells                             Type                      Level
   a - Flame Tongue                   Conjuration/Fire             1
   b - Inner Flame                    Hexes/Fire                   3
Miscellaneous
 m - a plain deck of escape {drawn: 9}
Comestibles
 b - 4 meat rations
 f - 3 bread rations
 j - 3 fruits
 l - a royal jelly


   Skills:
 * Level 0.4 Fighting
 - Level 1.0 Throwing
 * Level 0.6 Armour
 * Level 0.3 Dodging
 * Level 1.1 Stealth
 * Level 0.6 Unarmed Combat
 * Level 2.6 Spellcasting
 * Level 2.4 Conjurations
   Level 1.7 Charms
 * Level 2.1 Fire Magic
   Level 1.0 Evocations


You had one spell level left.
You knew the following spells:

 Your Spells              Type           Power        Failure   Level  Hunger
a - Flame Tongue          Conj/Fire      #....        12%         1    #......
b - Corpse Rot            Necr           N/A          41%         2    ###....
c - Inner Flame           Hex/Fire       #.......     50%         3    ###....


Dungeon Overview and Level Annotations

Branches:
Dungeon (3/15)

Altars:
Cheibriados
Elyvilon
Nemelex Xobeh
Okawaru
Zin


Innate Abilities, Weirdness & Mutations

You regenerate a little health from kills.
You sometimes gain a little power by taking damage.


Message History

You see here 4 tomahawks.
The worm completely misses you. The worm bites you!
* * * LOW HITPOINT WARNING * * *
Evoke which item? (* to show all) (? for menu, Esc to quit)
You draw a card...
It is Velocity.
The worm is moving somewhat quickly.
The worm bites you.
* * * LOW HITPOINT WARNING * * *
Press: ? - help, v - describe, . - travel
Here: a worm (fast, covering ground quickly)
The floor.
Evoke which item? (* to show all) (? for menu, Esc to quit)
That's the wrong kind of item! (Use * to select it.) Evoke which item? (* to show all) (? for menu, Esc to quit)
Okay, then.
Evoke which item? (* to show all) (? for menu, Esc to quit)
You draw a card...
It is the Elixir.
You begin rapidly regenerating magic.
The worm bites you.
You die...
Your body disappears without a glow.

########## ######## #........#
.......# #........# .......#
#........# .......# #........#
#####
.......###........###########....
#####...........@w.......(.......
#...##.###........####......#....
.##.##.# #...........#......#....
##.##..# #...........#......#....
#.##.#.# ##.#####....#......'....
##..#### #.# ######......#....
###### #.# #####......##### #..#
#.# ##......#.### ##.# #.#
#...###.#.# ####


You could see a worm.

Vanquished Creatures
  An adder (D:2)
  3 dart slugs (D:2)
  A leopard gecko (D:2)
  2 giant cockroaches
  6 hobgoblins
  2 jackals (D:1)
  4 kobolds
  2 quokkas (D:2)
  2 ball pythons
  6 bats
  5 frilled lizards
  6 goblins
  6 rats
46 creatures vanquished.

Notes
Turn   | Place    | Note
-------+----------+-------------------------------------------
     0 | D:1      | Deathtrap2010 the Demonspawn Wanderer began the quest for the Orb.
     0 | D:1      | Deathtrap2010 set off with: 2 curare-tipped needles, a +2 blowgun, Tausamicw's Guide on Evil Magic, Sif Muna's Incunabulum of Fire, a +0 robe, a bread ration
     0 | D:1      | Reached XP level 1. HP: 13/13 MP: 3/3
     2 | D:1      | Learned a level 1 spell: Flame Tongue
     2 | D:1      | Identified Sif Muna's Incunabulum of Fire
   274 | D:1      | Found a snail-covered altar of Cheibriados.
   284 | D:1      | Gained mutation: You sometimes gain a little power by taking damage. [demonic ancestry]
   284 | D:1      | Reached XP level 2. HP: 19/19 MP: 0/5
   285 | D:1      | Identified Tausamicw's Guide on Evil Magic
   288 | D:1      | Learned a level 2 spell: Corpse Rot
  1019 | D:2      | Gained mutation: You regenerate a little health from kills. [demonic ancestry]
  1019 | D:2      | Reached XP level 3. HP: 24/24 MP: 3/6
  1042 | D:2      | Found a sparkling altar of Nemelex Xobeh.
  1052 | D:2      | Became a worshipper of Nemelex Xobeh the Trickster
  1469 | D:2      | Learned a level 3 spell: Inner Flame
  1509 | D:2      | Received a gift from Nemelex Xobeh
  1568 | D:2      | Found a glowing silver altar of Zin.
  1641 | D:2      | Reached skill level 1 in Stealth
  1817 | D:2      | Found a white marble altar of Elyvilon.
  1981 | D:3      | Found an iron altar of Okawaru.
  2106 | D:2      | Slain by a worm

Vault maps used:
D:1:      dpeg_arrival_simpleton_c, cheibriados_altar_1
D:2:      nemelex_altar_shiori, marbit_many_paths, lemuel_crystal_altar,
          feat_on_display
D:3:      grunt_gozag_statues, lemuel_doored_altar,
          nicolae_dithmenos_shadow_blocks

Skill      XL: |  1  2  3 |
---------------+----------+-----
Fire Magic     | 2 |  2.1
Stealth        | 1 |  1.1
Fighting       | |  0.4
Throwing       | |  1.0
Armour         | |  0.6
Dodging        | |  0.3
Unarmed Combat | |  0.6
Spellcasting   | |  2.6
Conjurations   | |  2.4
Charms         | |  1.7
Evocations     | |  1.0

Action                   || total
-------------------------++-------
Melee: Unarmed           ||    67
 Cast: Flame Tongue      ||    93
       Corpse Rot        ||     1
Evoke: Deck              ||     9
  Use: Scroll            ||     6
       Potion            ||     4
  Eat: Royal jelly       ||     1
       Bread ration      ||     1
Armor: Robe              ||    49
       Leather armour    ||     2
Dodge: Dodged            ||   100
